[Event "Titled Tuesday Blitz June 20 Late 2023"]
[White "Papayan, Oleg"]
[Black "TimGrutter03"]
[WhiteFideId "4193911"]
[WhiteElo "2167"]
[BlackElo "2613"]
[Result "0-1"]
[Round "8"]
[TimeControl "180+2"]
[Date "2023.06.20"]
[WhiteClock "0:00:37"]
[BlackClock "0:00:09"]
[Board "58"]

1. e4 c6 2. Nc3 d5 3. Nf3 dxe4 4. Nxe4 Nf6 5. Qe2 Na6 6. Nxf6+ gxf6 7. d4 Bg4 8. h3 Bh5 9. c3 Qd7 10. g4 Bg6 11. Nh4 O-O-O 12. Bg2 h5 13. Nxg6 fxg6 14. Bf4 hxg4 15. hxg4 Rxh1+ 16. Bxh1 e5 17. dxe5 fxe5 18. Bg5 Be7 19. Bxe7 Qxe7 20. Bxc6 Nc5 21. Be4 Kb8 22. Rd1 Rxd1+ 23. Kxd1 Qd7+ 24. Kc2 Qa4+ 25. Kc1 Qxe4 26. Qb5 Qe1+ 27. Kc2 Qxf2+ 28. Kc1 Qf4+ 29. Kc2 Qe4+ 30. Kc1 Qe3+ 31. Kc2 Qe4+ 32. Kc1 Qc6 33. Qc4 a6 34. Qg8+ Ka7 35. Qh8 Qe4 36. Qf8 Nd3+ 37. Kd2 Nf4 38. Qc5+ b6 39. Qc7+ Qb7 40. Qxe5 Qd5+ 41. Qxd5 Nxd5 42. Kd3 Nf6 43. g5 Nh7 44. Kd4 Nxg5 45. Ke5 Nf7+ 46. Kf6 g5 47. Kf5 Kb7 48. b4 Kc6 49. c4 b5 50. c5 Kd5 51. a3 Kc4 52. c6 Kb3 53. c7 Nd6+ 54. Kxg5 Kxa3 55. Kf4 Kxb4 56. Ke5 Kc5 57. Ke6 b4 58. Kd7 b3 59. c8=Q+ Nxc8 60. Kxc8 a5 61. Kb7 a4 62. Ka7 a3 63. Kb7 Kb4 64. Kc7 Kc3 65. Kd7 b2 66. Kc6 a2 67. Kc5 Kc2 68. Kb5 a1=Q 69. Kb4 b1=Q+ 70. Kc5 Qa5+ 71. Kd4 Qbb4+ 72. Ke3 Qe5+ 73. Kf2 Qbf4+ 74. Kg1 Qe1+ 75. Kg2 Qef1# 0-1


[Site "https://www.chess.com"]

[Event "Titled Tuesday Blitz June 20 Late 2023"]
[White "Principe, Gerson"]
[Black "Mattheii"]
[WhiteFideId "3804550"]
[WhiteElo "2229"]
[BlackElo "2493"]
[Result "0-1"]
[Round "8"]
[TimeControl "180+2"]
[Date "2023.06.20"]
[WhiteClock "0:00:00"]
[BlackClock "0:00:06"]
[Board "59"]

1. Nf3 d5 2. e3 Nf6 3. b3 c5 4. Bb2 Nc6 5. Bb5 Bd7 6. O-O e6 7. Bxc6 Bxc6 8. Ne5 Qc7 9. f4 Bd6 10. d3 O-O 11. Nd2 Nd7 12. Nxc6 Qxc6 13. Qg4 e5 14. e4 Rae8 15. f5 Nf6 16. Qe2 b5 17. a4 a6 18. exd5 Qxd5 19. Ne4 Be7 20. axb5 axb5 21. Ra5 Rb8 22. Rfa1 Rfd8 23. Nd2 h6 24. Qxe5 Bd6 25. Qxd5 Nxd5 26. Ne4 Bf8 27. Be5 Rb7 28. Ra8 Rbd7 29. Rxd8 Rxd8 30. Bc3 Ne3 31. Rc1 Nxf5 32. Kf2 Be7 33. Ra1 Nd4 34. Bxd4 cxd4 35. Ke2 Rc8 36. Kd1 f5 37. Ng3 g6 38. Ra6 Kf7 39. Ne2 Bf6 40. Rd6 Ra8 41. Nxd4 Ra1+ 42. Ke2 Rg1 43. Kf3 Rc1 44. c4 Rc3 45. Nxb5 Rxb3 46. Rd5 Rb2 47. Nd6+ Ke6 48. Nb5 g5 49. h3 h5 50. Nd4+ Bxd4 51. Rxd4 g4+ 52. hxg4 hxg4+ 53. Kg3 Kf6 54. Rd5 Kg5 55. c5 Rc2 56. d4 Rc3+ 57. Kf2 Kf4 0-1


[Site "https://www.chess.com"]

[Event "Titled Tuesday Blitz June 20 Late 2023"]
[White "Moral Garcia, Serafin"]
[Black "Ansh M Shah"]
[WhiteFideId "2201925"]
[BlackFideId "25033379"]
[WhiteElo "2274"]
[BlackElo "2084"]
[Result "1-0"]
[Round "8"]
[TimeControl "180+2"]
[Date "2023.06.20"]
[WhiteClock "0:01:08"]
[BlackClock "0:02:10"]
[Board "60"]

1. e4 c6 2. d4 d5 3. exd5 cxd5 4. c4 Nc6 5. Nc3 Nf6 6. Bg5 dxc4 7. Bxc4 h6 8. Bxf6 exf6 9. Nf3 Bd6 10. O-O O-O 11. h3 Bf5 12. Re1 Rc8 13. Bd3 Bxd3 14. Qxd3 Bb8 15. Rad1 a6 16. Ne4 Qc7 17. d5 Ne5 18. Nxe5 Qxe5 19. d6 Rfd8 20. Qb3 Qf4 21. Qxb7 f5 22. g3 Qe5 23. d7 Rc7 24. Qxb8 Rxb8 25. d8=Q+ Rxd8 26. Rxd8+ Kh7 27. Ng5+ hxg5 28. Rxe5 1-0


[Site "https://www.chess.com"]

[Event "Titled Tuesday Blitz June 20 Late 2023"]
[White "Ingebretsen, Jens E"]
[Black "Nikologorsky, Matfei"]
[WhiteFideId "1522965"]
[BlackFideId "24102474"]
[WhiteElo "2213"]
[BlackElo "2153"]
[Result "0-1"]
[Round "8"]
[TimeControl "180+2"]
[Date "2023.06.20"]
[WhiteClock "0:00:25"]
[BlackClock "0:01:11"]
[Board "61"]

1. b3 Nf6 2. Bb2 d5 3. e3 c6 4. c4 g6 5. Nf3 Bg7 6. Nc3 O-O 7. d4 Bg4 8. h3 Bxf3 9. gxf3 e6 10. Bd3 Nbd7 11. f4 Nh5 12. c5 f5 13. Qf3 b6 14. cxb6 axb6 15. O-O Qh4 16. a4 Kh8 17. Rac1 Bh6 18. Ne2 Rac8 19. Ba6 Rc7 20. Ba3 Rg8 21. Bd6 Ra7 22. Bd3 Rc8 23. Bb5 Bf8 24. Bxf8 Rxf8 25. Rxc6 Qe7 26. Ng3 Nhf6 27. Rfc1 Rg8 28. Rc7 Raa8 29. Qe2 Rad8 30. R1c6 g5 31. fxg5 Rxg5 32. Rxb6 Ne4 33. Kh2 Qg7 34. Rbb7 Rxg3 35. f3 Rxh3+ 36. Kxh3 Qg3# 0-1


[Site "https://www.chess.com"]

[Event "Titled Tuesday Blitz June 20 Late 2023"]
[White "Bjelobrk, Igor"]
[Black "Jonkman, Harmen"]
[WhiteFideId "4300726"]
[BlackFideId "1002708"]
[WhiteElo "2319"]
[BlackElo "2368"]
[Result "1-0"]
[Round "8"]
[TimeControl "180+2"]
[Date "2023.06.20"]
[WhiteClock "0:00:06"]
[BlackClock "0:00:03"]
[Board "62"]

1. d4 d5 2. c4 dxc4 3. Nf3 Nf6 4. e3 e6 5. Bxc4 c5 6. O-O a6 7. Nc3 b5 8. Be2 Bb7 9. dxc5 Bxc5 10. Qxd8+ Kxd8 11. Nd2 Ke7 12. Nb3 Bd6 13. f3 Nbd7 14. e4 Rhc8 15. Be3 Ne5 16. Na5 Rab8 17. a4 Nc4 18. Bxc4 bxc4 19. Rfd1 Bb4 20. Nxb7 Rxb7 21. Rac1 Nd7 22. Ne2 Ne5 23. Rc2 Bc5 24. Nd4 Rb4 25. a5 Rb5 26. Ra1 Bb4 27. Nxb5 axb5 28. a6 Nc6 29. a7 Ra8 30. b3 c3 31. Kf1 e5 32. Ke2 Nd4+ 33. Bxd4 exd4 34. Kd3 Bc5 35. b4 Rxa7 36. Rxa7+ Bxa7 37. Ra2 Bb8 38. Kxd4 Bxh2 39. Kxc3 Be5+ 40. Kb3 Kf6 41. Ra5 g5 42. Rxb5 h5 43. Rc5 g4 44. b5 gxf3 45. gxf3 h4 46. Rc1 Bd4 47. b6 h3 48. b7 Be5 49. Kc4 h2 50. Kd5 Bb8 51. Kc6 Kg5 52. Kd7 Kf4 53. Kc8 Be5 54. b8=Q Bxb8 55. Kxb8 Kxf3 56. e5 Kg2 57. Kc7 h1=Q 58. Rxh1 Kxh1 59. Kd6 Kg2 60. Ke7 Kf3 61. Kxf7 Kf4 62. e6 1-0


[Site "https://www.chess.com"]

[Event "Titled Tuesday Blitz June 20 Late 2023"]
[White "Herrera, Juan Sebastian"]
[Black "Gubajdullin, Alexei"]
[WhiteFideId "4403266"]
[BlackFideId "4141202"]
[WhiteElo "2255"]
[BlackElo "2279"]
[Result "0-1"]
[Round "8"]
[TimeControl "180+2"]
[Date "2023.06.20"]
[WhiteClock "0:00:00"]
[BlackClock "0:00:22"]
[Board "63"]

1. Nf3 Nf6 2. c4 g6 3. Nc3 Bg7 4. e4 O-O 5. d4 d6 6. Be2 Na6 7. O-O e5 8. Be3 c6 9. Qc2 Ng4 10. Bg5 f6 11. Bh4 g5 12. Bg3 f5 13. exf5 exd4 14. Ne4 Bxf5 15. Bd3 Nb4 16. Qb3 Nxd3 17. Nxd6 Bg6 18. Nxb7 Qb6 19. h3 Nh6 20. Nxg5 Nxb2 21. Ne6 Qxb3 22. axb3 Rf7 23. Nbd8 Rd7 24. Nxc6 Nf5 25. Bf4 d3 26. Nxg7 Nxg7 27. Be5 Be4 28. Nb4 Rb7 29. Bc3 a5 30. Nc2 dxc2 31. Bxb2 Rxb3 32. Be5 Rb1 33. Rc1 Ne6 34. f3 Bg6 35. Kf2 Nc5 36. Bd4 Nb3 37. Ke3 Rxc1 0-1


[Site "https://www.chess.com"]

[Event "Titled Tuesday Blitz June 20 Late 2023"]
[White "Isajevsky, Anton"]
[Black "Sivakumar, Shaaketh"]
[WhiteFideId "4142500"]
[BlackFideId "30940176"]
[WhiteElo "2510"]
[BlackElo "2174"]
[Result "1-0"]
[Round "8"]
[TimeControl "180+2"]
[Date "2023.06.20"]
[WhiteClock "0:00:07"]
[BlackClock "0:00:10"]
[Board "64"]

1. c4 c6 2. Nf3 d5 3. e3 Nf6 4. Nc3 a6 5. b3 Bf5 6. Bb2 e6 7. Be2 Nbd7 8. O-O h6 9. cxd5 exd5 10. Nd4 Bg6 11. f4 Bd6 12. Kh1 c5 13. Nf3 O-O 14. d4 cxd4 15. Nxd4 Re8 16. Bf3 Nb6 17. Qd2 Qe7 18. Rae1 Bb4 19. f5 Bh5 20. Bxh5 Nxh5 21. Nc2 Qh4 22. Qf2 Qxf2 23. Rxf2 Be7 24. e4 Bf6 25. exd5 Rxe1+ 26. Nxe1 Re8 27. Nf3 Nf4 28. Rd2 Rd8 29. d6 Nc8 30. Ne4 Bxb2 31. Rxb2 Kf8 32. Rd2 Nh5 33. g3 Nf6 34. Nxf6 gxf6 35. d7 Nb6 36. Rd6 Nxd7 37. Kg2 Ke7 38. Rd4 Rc8 39. Rd2 Rc5 40. g4 Ne5 41. Nxe5 fxe5 42. Kf3 Kf6 43. Ke4 Rc6 44. h4 Rb6 45. Kf3 Rb4 46. Rd6+ Ke7 47. Rxh6 Rf4+ 48. Kg3 Rd4 49. Rb6 Rd3+ 50. Kf2 Rd2+ 51. Kf3 Rxa2 52. g5 Rh2 53. Rxb7+ Kf8 54. Kg4 Rg2+ 55. Kf3 Rc2 56. Ke4 Re2+ 57. Kd5 Kg7 58. g6 Kh6 59. Rxf7 e4 60. Rh7# 1-0


[Site "https://www.chess.com"]

[Event "Titled Tuesday Blitz June 20 Late 2023"]
[White "Olsson, William"]
[Black "Fiorito, Francisco"]
[WhiteFideId "1741721"]
[BlackFideId "180165"]
[WhiteElo "2197"]
[BlackElo "2319"]
[Result "0-1"]
[Round "8"]
[TimeControl "180+2"]
[Date "2023.06.20"]
[WhiteClock "0:00:00"]
[BlackClock "0:00:07"]
[Board "65"]

1. c4 c5 2. g3 g6 3. Bg2 Bg7 4. Nc3 Nc6 5. a3 e6 6. Rb1 Nge7 7. b4 d6 8. Nf3 O-O 9. O-O Rb8 10. bxc5 dxc5 11. Bb2 b6 12. d3 Bb7 13. Ne4 e5 14. h4 h6 15. h5 g5 16. g4 Nd4 17. Bxd4 exd4 18. Ng3 f5 19. Nh2 Bxg2 20. Kxg2 Qd7 21. f3 Qe6 22. gxf5 Nxf5 23. Nxf5 Rxf5 24. Ng4 Re8 25. Rb2 Qf7 26. Rh1 Rf4 27. a4 Qf5 28. Rh3 Rxg4+ 29. fxg4 Qxg4+ 30. Rg3 Qxh5 31. Qf1 Be5 32. Qf3 Qg6 33. Qd5+ Re6 34. Rf3 Bf4 35. Rb1 Qf7 36. Kf2 Kg7 37. Rg1 Qe7 38. e4 dxe3+ 39. Ke2 Rf6 40. a5 Qe8 41. axb6 Qa4 42. Qb7+ Rf7 43. Qe4 Qc2+ 44. Kf1 axb6 45. Rg4 e2+ 46. Qxe2 Qc1+ 47. Kg2 Rf6 48. Qe4 Qd2+ 49. Rf2 Qc1 50. Re2 h5 51. Qb7+ Rf7 52. Re7 Qb2+ 0-1


[Site "https://www.chess.com"]

[Event "Titled Tuesday Blitz June 20 Late 2023"]
[White "Wang, Isaac"]
[Black "Mendez Fortes, Eduardo Jesus"]
[WhiteFideId "30977185"]
[BlackFideId "3502376"]
[WhiteElo "2423"]
[BlackElo "2307"]
[Result "1-0"]
[Round "8"]
[TimeControl "180+2"]
[Date "2023.06.20"]
[WhiteClock "0:00:29"]
[BlackClock "0:00:01"]
[Board "66"]

1. d4 Nf6 2. c4 e6 3. Nf3 d5 4. Nc3 Bb4 5. Bg5 dxc4 6. Bxf6 gxf6 7. a4 Nc6 8. e4 Na5 9. Be2 b6 10. O-O Bb7 11. Qc2 Qe7 12. Nd2 O-O-O 13. Nxc4 Nxc4 14. Bxc4 Rxd4 15. Bd3 Rhd8 16. Rad1 Qc5 17. Be2 Bxe4 18. Qxe4 Bxc3 19. bxc3 Rxd1 20. Ba6+ Kd7 21. Rxd1+ Ke7 22. Rxd8 Kxd8 23. Qd4+ Qxd4 24. cxd4 Ke7 25. Kf1 Kd6 26. Bd3 h6 27. Ke2 Kd5 28. Ke3 f5 29. f3 f4+ 30. Kxf4 Kxd4 31. Bf1 c5 32. g4 c4 33. Bxc4 Kxc4 34. g5 h5 35. Ke5 b5 36. axb5 Kxb5 37. Kf6 a5 38. Kxf7 a4 39. g6 a3 40. g7 a2 41. g8=Q a1=Q 42. Qg5+ Kc6 43. Qxh5 Kd6 44. Qg5 Qa7+ 45. Kg6 Qa2 46. h4 Qc2+ 47. Kg7 Qc3+ 48. Qf6 Qe1 49. h5 Qg3+ 50. Kf7 Qe1 51. h6 Qe3 52. h7 Qa7+ 53. Kg6 Qg1+ 54. Kf7 Qa7+ 55. Kg8 Qa8+ 56. Qf8+ Ke5 57. h8=Q+ 1-0


[Site "https://www.chess.com"]

[Event "Titled Tuesday Blitz June 20 Late 2023"]
[White "Sharan, Rao"]
[Black "Buscar, Michael"]
[WhiteFideId "5073464"]
[BlackFideId "2603616"]
[WhiteElo "2149"]
[BlackElo "2010"]
[Result "1-0"]
[Round "8"]
[TimeControl "180+2"]
[Date "2023.06.20"]
[WhiteClock "0:02:20"]
[BlackClock "0:01:40"]
[Board "67"]

1. d4 d5 2. Nc3 Nf6 3. Bf4 a6 4. e3 Nbd7 5. g4 e6 6. g5 Ne4 7. Bd3 Nxc3 8. bxc3 Bd6 9. Ne2 Qe7 10. Ng3 b6 11. Qf3 Bb7 12. h4 O-O-O 13. Bxd6 cxd6 14. Kd2 Kb8 15. Qe2 Ka7 16. a4 Rc8 17. Rhb1 Rc7 18. a5 b5 19. Bxb5 axb5 20. Qxb5 Rhc8 21. a6 Bc6 22. Qb7+ Rxb7 23. axb7+ 1-0


[Site "https://www.chess.com"]

[Event "Titled Tuesday Blitz June 20 Late 2023"]
[White "Zhigalko, Sergei"]
[Black "sebastianmarinp"]
[WhiteFideId "13502956"]
[WhiteElo "2626"]
[BlackElo "2389"]
[Result "1-0"]
[Round "8"]
[TimeControl "180+2"]
[Date "2023.06.20"]
[WhiteClock "0:00:05"]
[BlackClock "0:00:00"]
[Board "68"]

1. h4 h5 2. a4 a5 3. b3 e5 4. Bb2 Nc6 5. e3 d6 6. Nf3 Bg4 7. Be2 Nf6 8. d3 Ne7 9. Nbd2 Ng6 10. g3 c6 11. Ng5 Qc7 12. O-O d5 13. Ndf3 Bd6 14. Nh2 Bf5 15. Kh1 O-O-O 16. f4 exf4 17. exf4 Ng4 18. Bxg7 f6 19. Bxh8 fxg5 20. Be5 Ne3 21. Bxd6 Qxd6 22. Qd2 Nxf1 23. Rxf1 gxf4 24. Bxh5 fxg3 25. Rxf5 gxh2 26. Qxh2 Qxh2+ 27. Kxh2 Nxh4 28. Rf4 Rh8 29. Rxh4 1-0


[Site "https://www.chess.com"]

[Event "Titled Tuesday Blitz June 20 Late 2023"]
[White "Liu, Casper"]
[Black "Xu, Yi"]
[WhiteFideId "1454153"]
[BlackFideId "8605564"]
[WhiteElo "2221"]
[BlackElo "2460"]
[Result "1-0"]
[Round "8"]
[TimeControl "180+2"]
[Date "2023.06.20"]
[WhiteClock "0:00:03"]
[BlackClock "0:00:00"]
[Board "69"]

1. e4 c5 2. d4 cxd4 3. Qxd4 Nc6 4. Qe3 g6 5. Nc3 Bg7 6. Bd2 Nf6 7. O-O-O d6 8. f3 a6 9. h4 b5 10. Kb1 Bd7 11. h5 Nxh5 12. Nd5 Nf6 13. Bc3 Nxd5 14. exd5 Ne5 15. Be2 b4 16. Bxb4 Bb5 17. Bc3 Bxe2 18. Qxe2 Rc8 19. f4 Rxc3 20. bxc3 Qb6+ 21. Kc1 Nd7 22. Rh3 Nc5 23. Re3 O-O 24. Nf3 Na4 25. Nd4 Rc8 26. Rdd3 Qb2+ 27. Kd2 Bxd4 28. Rxd4 Nxc3 29. Qd3 Nb1+ 30. Kd1 Rc3 31. Qe2 Rc5 32. Rdd3 Nc3+ 33. Rxc3 Rxc3 34. Rxc3 Qxc3 35. Qxe7 Qd4+ 36. Ke2 Qxd5 37. Kf2 Qd4+ 38. Kg3 Qc3+ 39. Kg4 Qxc2 40. Qxd6 Qxg2+ 41. Kh4 Qh2+ 42. Kg5 1-0


[Site "https://www.chess.com"]

[Event "Titled Tuesday Blitz June 20 Late 2023"]
[White "Hambleton, Aman"]
[Black "Uzcategui Rodriguez, Alejandro"]
[WhiteFideId "2606577"]
[BlackFideId "3903400"]
[WhiteElo "2511"]
[BlackElo "2252"]
[Result "0-1"]
[Round "8"]
[TimeControl "180+2"]
[Date "2023.06.20"]
[WhiteClock "0:00:01"]
[BlackClock "0:01:18"]
[Board "70"]

1. d4 Nf6 2. Bf4 d6 3. e3 Nbd7 4. h3 c6 5. c3 e5 6. Bh2 Be7 7. Nf3 e4 8. Nfd2 d5 9. c4 O-O 10. Nc3 Nb6 11. c5 Nbd7 12. b4 Re8 13. b5 Nf8 14. bxc6 bxc6 15. Qa4 Qd7 16. Ba6 g5 17. Rb1 Ng6 18. Ne2 Nh4 19. Rg1 Nxg2+ 20. Rxg2 Qxh3 21. Rg3 Qxh2 22. Qxc6 Bg4 23. Nf1 Qh5 24. Rg1 Rab8 25. Rb4 Rxb4 26. Nfg3 Qg6 27. a3 Rb1+ 28. Kd2 Rb2+ 29. Kc3 Reb8 30. a4 R8b3# 0-1


[Site "https://www.chess.com"]

[Event "Titled Tuesday Blitz June 20 Late 2023"]
[White "Ghazarian, Kirk"]
[Black "Santos Flores, Alberto"]
[WhiteFideId "30908604"]
[BlackFideId "3601234"]
[WhiteElo "2346"]
[BlackElo "2235"]
[Result "1/2-1/2"]
[Round "8"]
[TimeControl "180+2"]
[Date "2023.06.20"]
[WhiteClock "0:01:32"]
[BlackClock "0:00:21"]
[Board "71"]

1. d4 d5 2. c4 c6 3. Nf3 Nf6 4. e3 Bf5 5. Nc3 e6 6. Bd3 Bxd3 7. Qxd3 Nbd7 8. O-O Be7 9. e4 dxe4 10. Nxe4 O-O 11. Nxf6+ Bxf6 12. Bf4 c5 13. dxc5 Nxc5 14. Qe2 Qd3 15. Rfe1 Qxe2 16. Rxe2 Nd3 17. Be5 Nxe5 18. Nxe5 Rfd8 19. Rae1 Rd4 20. b3 Rad8 21. Kf1 Rd1 22. f4 R8d2 23. Rxd1 Rxd1+ 24. Kf2 Bxe5 25. Rxe5 Kf8 26. Re2 Ke7 27. Ke3 f5 28. Rd2 Re1+ 29. Kf3 h6 30. h4 g6 31. Kf2 Rh1 32. Kg3 Re1 33. Kf3 e5 34. fxe5 Rxe5 35. Re2 Rxe2 36. Kxe2 g5 37. hxg5 hxg5 38. Ke3 Kd6 39. Kd4 a5 40. a3 b6 41. b4 axb4 42. axb4 Ke6 43. c5 bxc5+ 44. Kxc5 f4 45. b5 g4 46. b6 Kd7 47. Kd4 f3 48. gxf3 gxf3 49. Ke3 Kc6 50. Kxf3 Kxb6 1/2-1/2


[Site "https://www.chess.com"]

[Event "Titled Tuesday Blitz June 20 Late 2023"]
[White "Jovic, Stanoje"]
[Black "Haydon, David L"]
[WhiteFideId "905020"]
[BlackFideId "415405"]
[WhiteElo "2236"]
[BlackElo "2326"]
[Result "0-1"]
[Round "8"]
[TimeControl "180+2"]
[Date "2023.06.20"]
[WhiteClock "0:00:00"]
[BlackClock "0:00:28"]
[Board "72"]

1. c4 c6 2. e4 d5 3. exd5 cxd5 4. cxd5 Qxd5 5. Nc3 Qd8 6. d4 Nf6 7. d5 g6 8. Bc4 Bg7 9. Nge2 O-O 10. O-O a6 11. a4 Nbd7 12. a5 Ne5 13. Bb3 Bd7 14. Bf4 Nh5 15. Be3 Rc8 16. Bb6 Qe8 17. Re1 Nc4 18. Bxc4 Rxc4 19. Qd3 Bb5 20. Nxb5 Qxb5 21. b3 Rb4 22. Qxb5 Rxb5 23. Rad1 Rxb3 24. Nc1 Rb1 25. Rxe7 Rc8 26. Ree1 Nf6 27. d6 Nd7 28. Bc7 Bf8 29. Nd3 Rb5 30. Rb1 Re8 31. Rxb5 Rxe1+ 32. Nxe1 axb5 33. Kf1 f5 34. Ke2 Kf7 35. Nc2 Bg7 36. Na3 b4 37. Nc4 Ke6 38. Kd3 b3 39. Nd2 Ne5+ 40. Ke2 b2 41. Kd1 Nc4 42. Nb1 Nxd6 43. Bxd6 Kxd6 44. Kc2 Kc5 45. Nd2 Kb4 46. Nf3 Bf6 47. h3 Kxa5 48. g4 Kb4 49. gxf5 gxf5 50. Ne1 Kc4 51. Ng2 Bd4 52. Nh4 f4 53. Ng2 Be5 54. Nh4 b5 55. Nf3 Bf6 56. h4 h5 57. Ne1 b4 58. Ng2 Be5 59. Ne1 Kd4 60. Nf3+ Ke4 61. Ng5+ Kf5 62. f3 Bf6 63. Ne4 Bxh4 64. Kxb2 Be7 65. Kb3 h4 66. Nf2 Bc5 67. Nh3 Ke5 68. Kc4 Bd6 69. Ng5 Be7 70. Nh3 Kf5 71. Nf2 Bc5 72. Nh3 Ke5 73. Ng5 b3 74. Kxb3 Kd4 75. Kc2 Ke3 76. Kd1 Be7 77. Nh3 Kxf3 78. Ke1 Bc5 0-1


[Site "https://www.chess.com"]

[Event "Titled Tuesday Blitz June 20 Late 2023"]
[White "Szyszylo, Rafal"]
[Black "Jaskolka, Tomasz"]
[WhiteFideId "1109626"]
[BlackFideId "1170791"]
[WhiteElo "1951"]
[BlackElo "2155"]
[Result "0-1"]
[Round "8"]
[TimeControl "180+2"]
[Date "2023.06.20"]
[WhiteClock "0:00:07"]
[BlackClock "0:00:08"]
[Board "73"]

1. e4 d5 2. exd5 Nf6 3. d4 Bg4 4. Nf3 Qxd5 5. Nc3 Qh5 6. Be2 e6 7. O-O c6 8. h3 Bxf3 9. Bxf3 Qa5 10. Bd2 Qc7 11. Re1 Be7 12. g3 O-O 13. Kg2 Nbd7 14. Qe2 Nb6 15. b3 Rfd8 16. Bf4 Qd7 17. Be5 Bb4 18. Qd3 Nfd5 19. Nxd5 Nxd5 20. c4 Bxe1 21. cxd5 Bb4 22. dxc6 bxc6 23. Qc4 Qe7 24. Qxc6 Rac8 25. Qe4 Qd7 26. Qg4 Bf8 27. Rd1 Rc2 28. a4 a5 29. h4 f5 30. Qf4 Bd6 31. d5 Bc5 32. dxe6 Rxf2+ 33. Kh3 Qxd1 34. Bxd1 Rxf4 35. Bxf4 Rxd1 36. Bg5 Re1 0-1


[Site "https://www.chess.com"]

[Event "Titled Tuesday Blitz June 20 Late 2023"]
[White "Piesik, Piotr"]
[Black "Yeritsyan, Hayk"]
[WhiteFideId "1136194"]
[BlackFideId "13307320"]
[WhiteElo "2303"]
[BlackElo "2456"]
[Result "1-0"]
[Round "8"]
[TimeControl "180+2"]
[Date "2023.06.20"]
[WhiteClock "0:02:08"]
[BlackClock "0:01:28"]
[Board "74"]

1. Nf3 d5 2. g3 Nf6 3. Bg2 Bf5 4. O-O e6 5. c4 c6 6. cxd5 exd5 7. d3 h6 8. Nc3 Be7 9. Qb3 Qb6 10. Qc2 O-O 11. e4 Bh7 12. Be3 Qd8 13. Rad1 Na6 14. a3 Nc5 15. Bxc5 Bxc5 16. Nxd5 Bxf2+ 17. Qxf2 cxd5 18. e5 Ng4 19. Qd4 Qb6 20. Qxb6 axb6 21. Rfe1 f6 22. e6 Rfd8 23. h3 Ne5 24. Nxe5 fxe5 25. Rxe5 d4 26. Bxb7 Ra7 27. e7 Re8 28. Bd5+ Kh8 29. Rf1 Bxd3 30. Rf8+ Kh7 31. Rxe8 1-0


[Site "https://www.chess.com"]

[Event "Titled Tuesday Blitz June 20 Late 2023"]
[White "MKlose11"]
[Black "Seletsky, Grigory"]
[BlackFideId "14112191"]
[WhiteElo "2580"]
[BlackElo "2491"]
[Result "1-0"]
[Round "8"]
[TimeControl "180+2"]
[Date "2023.06.20"]
[WhiteClock "0:01:26"]
[BlackClock "0:00:40"]
[Board "75"]

1. e4 e6 2. d4 d5 3. Be3 dxe4 4. Nd2 Nf6 5. f3 Nd5 6. Qe2 exf3 7. Ngxf3 Nxe3 8. Qxe3 Be7 9. Bd3 Nd7 10. O-O-O Nf6 11. c4 b6 12. Ne5 Bb7 13. Rhg1 O-O 14. g4 c5 15. g5 Nd7 16. Nxf7 Rxf7 17. g6 hxg6 18. Bxg6 Nf8 19. Bxf7+ Kxf7 20. Nf3 cxd4 21. Rxd4 Bc5 22. Ne5+ Kg8 23. Rxg7+ Kxg7 24. Rg4+ Kh7 25. Qh3+ 1-0


[Site "https://www.chess.com"]

[Event "Titled Tuesday Blitz June 20 Late 2023"]
[White "Omariev, Maksim"]
[Black "Banzea, Alexandru-Bogdan"]
[WhiteFideId "4193423"]
[BlackFideId "1232622"]
[WhiteElo "2421"]
[BlackElo "2294"]
[Result "0-1"]
[Round "8"]
[TimeControl "180+2"]
[Date "2023.06.20"]
[WhiteClock "0:00:09"]
[BlackClock "0:00:03"]
[Board "76"]

1. e4 c6 2. Nc3 d5 3. Nf3 dxe4 4. Nxe4 Nf6 5. Nxf6+ exf6 6. d4 Bd6 7. Bd3 O-O 8. O-O Bg4 9. h3 Bh5 10. Be3 Re8 11. Re1 Nd7 12. Be2 Nf8 13. Qd2 Bc7 14. c4 Qd6 15. Rad1 Bxf3 16. Bxf3 Qh2+ 17. Kf1 f5 18. g3 Qxh3+ 19. Bg2 Qg4 20. d5 Rad8 21. Bxa7 Qxc4+ 22. Kg1 Rxe1+ 23. Qxe1 cxd5 24. Rc1 Qxa2 25. Rxc7 Ne6 26. Rxb7 d4 27. Rb8 Rxb8 28. Bxb8 d3 29. Qc3 Qb1+ 30. Bf1 h5 31. Be5 Ng5 32. Kg2 d2 33. Qxd2 Qe4+ 34. f3 Nxf3 35. Qf4 Nxe5+ 36. Qxe4 fxe4 37. b4 f5 38. b5 Nd7 39. Kf2 Kf7 40. Ke3 Kf6 41. Kf4 g5+ 42. Ke3 Ke5 43. Be2 f4+ 44. gxf4+ gxf4+ 45. Kf2 f3 46. Bxf3 exf3 47. Kxf3 Kf5 48. Kg3 Kg5 49. Kh3 h4 50. Kh2 Nb6 51. Kh3 Kh5 52. Kh2 Kg4 53. Kg2 h3+ 54. Kh2 Kh4 55. Kh1 Kg3 56. Kg1 Nc4 57. Kh1 Nd6 58. b6 Ne4 59. b7 Nf2+ 60. Kg1 h2+ 61. Kf1 h1=Q+ 62. Ke2 Qxb7 63. Kf1 Qb5+ 64. Ke1 Ne4 65. Kd1 Qb2 66. Ke1 Qd2+ 67. Kf1 Qd1# 0-1


[Site "https://www.chess.com"]

[Event "Titled Tuesday Blitz June 20 Late 2023"]
[White "Ortega Amarelle, Mariano"]
[Black "Arnold, Ken"]
[WhiteFideId "3504301"]
[BlackFideId "2056836"]
[WhiteElo "2392"]
[BlackElo "2409"]
[Result "1-0"]
[Round "8"]
[TimeControl "180+2"]
[Date "2023.06.20"]
[WhiteClock "0:01:07"]
[BlackClock "0:00:29"]
[Board "77"]

1. Nf3 d5 2. c4 Nf6 3. cxd5 Nxd5 4. e4 Nb6 5. d4 Bg4 6. Be3 e6 7. Be2 N8d7 8. O-O Be7 9. Nc3 O-O 10. h3 Bxf3 11. Bxf3 c6 12. Qe2 Bg5 13. Rfd1 Bxe3 14. Qxe3 Qe7 15. g3 Rfd8 16. Bg2 Nf6 17. Qe2 Rd7 18. Rd2 Rad8 19. Rad1 h6 20. e5 Nfd5 21. Ne4 Nc7 22. Nc5 Nbd5 23. Nxb7 Rb8 24. Na5 Rb6 25. Rc1 Qb4 26. Nxc6 Rxc6 27. Rxc6 Nb5 28. Rc8+ Kh7 29. Bxd5 Rxd5 30. Qe4+ g6 31. Qf4 Qe7 32. Qf6 Qxf6 33. exf6 Nxd4 34. Kg2 g5 35. Rc7 Kg6 36. Rxa7 Kxf6 37. a4 e5 38. Ra6+ Kg7 39. b4 f5 40. b5 f4 41. gxf4 exf4 42. f3 1-0


[Site "https://www.chess.com"]

[Event "Titled Tuesday Blitz June 20 Late 2023"]
[White "ElDivis"]
[Black "Vila Dupla, Aurelio"]
[BlackFideId "2203383"]
[WhiteElo "2537"]
[BlackElo "2009"]
[Result "1-0"]
[Round "8"]
[TimeControl "180+2"]
[Date "2023.06.20"]
[WhiteClock "0:00:24"]
[BlackClock "0:00:00"]
[Board "78"]

1. e4 c5 2. Nf3 d6 3. d4 cxd4 4. Nxd4 Nf6 5. Nc3 g6 6. Be3 Bg7 7. f3 O-O 8. Qd2 Nc6 9. Nb3 a5 10. a4 Be6 11. O-O-O Rc8 12. Kb1 Nd7 13. Nd5 Bxd5 14. exd5 Nb4 15. c3 Na6 16. h4 Nac5 17. Nxc5 Nxc5 18. h5 Nxa4 19. hxg6 fxg6 20. Bd4 Bxd4 21. Qxd4 Nc5 22. Bc4 Qd7 23. g4 Rf7 24. Rh6 b5 25. Rdh1 Rg7 26. g5 Qf5+ 27. Ka2 Qf7 28. Bxb5 Rb8 29. Bc6 e5 30. dxe6 Qc7 31. Bd5 Kf8 32. Rxg6 1-0


[Site "https://www.chess.com"]

[Event "Titled Tuesday Blitz June 20 Late 2023"]
[White "Dilmukhametov, Artur"]
[Black "Howell, David W L"]
[WhiteFideId "24179922"]
[BlackFideId "410608"]
[WhiteElo "2242"]
[BlackElo "2567"]
[Result "0-1"]
[Round "8"]
[TimeControl "180+2"]
[Date "2023.06.20"]
[WhiteClock "0:00:39"]
[BlackClock "0:00:12"]
[Board "79"]

1. e4 e6 2. d4 d5 3. Nd2 a6 4. Bd3 c5 5. exd5 Qxd5 6. Ngf3 cxd4 7. O-O Nc6 8. Nb3 Bd7 9. Re1 Nf6 10. Bg5 Be7 11. Qd2 O-O 12. Nbxd4 Nxd4 13. Nxd4 Rad8 14. Rad1 Qxd4 15. Bxh7+ Nxh7 16. Qxd4 Bxg5 17. Qb6 Bc6 18. c3 Be7 19. Qc7 Rfe8 20. Rxd8 Bxd8 21. Qf4 Bg5 22. Qg4 Bh6 23. Rd1 Nf6 24. Qd4 e5 25. Qb6 Kh7 26. Rd8 Re7 27. Qc5 Re6 28. Qf8 Kg6 29. Rd6 Re8 30. Rxf6+ gxf6 31. Qb4 f5 32. Qb6 f4 33. h4 e4 34. Qc5 e3 35. h5+ Kg7 36. Qd4+ Kg8 37. fxe3 fxe3 38. Qg4+ Kf8 39. Qb4+ Re7 40. Qd6 Bg5 41. Kf1 e2+ 42. Ke1 Ke8 43. h6 Re6 44. Qb8+ Kd7 45. h7 Bd2+ 46. Kxd2 e1=Q+ 47. Kc2 Qe4+ 48. Kb3 Qa4# 0-1


[Site "https://www.chess.com"]